 Dungeon Crawl Stone Soup version 0.29-a0-474-gdfe5cd140f (webtiles) character file.

Game seed: 4283343901871176713

9 Lekart the Skirmisher (level 2, -2/26 HPs)
             Began as a Draconian Chaos Knight on May 24, 2022.
             Was a Plaything of Xom.
             Slain by a kobold
             ... wielding a +3 whip
              (5 damage)
             ... on level 1 of the Dungeon.
             The game lasted 00:00:30 (347 turns).

Lekart the Skirmisher (Draconian Chaos Knight)       Turns: 347, Time: 00:00:31

Health: -2/26      AC:  4    Str: 14    XL:     2   Next: 3%
Magic:  2/2        EV: 12    Int: 12    God:    Xom [..*...]
Gold:   9          SH:  0    Dex: 10    Spells: 1/1 levels left

rFire   . . .      SeeInvis .   a - +0 falchion (chaos)
rCold   . . .      Faith    .   (no shield)
rNeg    . . .      Spirit   .   (body armour unavailable)
rPois   .          Reflect  .   (helmet restricted)
rElec   .          Harm     .   (no cloak)
rCorr   .          Rampage  .   (no gloves)
Will    .....                   (no boots)
Stlth   +.........              (no amulet)
HPRegen 0.08/turn               (no ring)
MPRegen 0.08/turn               (no ring)

@: no status effects
A: AC +4, unfitting armour, cold-blooded
a: Renounce Religion


You were on level 1 of the Dungeon.
You worshipped Xom.
You were a toy of Xom.
You visited 1 branch of the dungeon, and saw 1 of its levels.

You collected 9 gold pieces.

Inventory:

Hand Weapons
 a - a +0 falchion of chaos (weapon)
Scrolls
 c - a scroll of vulnerability {unknown}
 f - a scroll of noise {unknown}
 g - a scroll of immolation {unknown}
Potions
 d - a potion of flight {unknown}
 e - 2 potions of might {unknown}
 h - a potion of berserk rage {unknown}
Miscellaneous
 b - a piece from Xom's chessboard (15/15) (quivered)


   Skills:
 + Level 3.5 Fighting
 + Level 3.2 Long Blades
 + Level 2.2 Dodging
 * Level 0.3 Spellcasting


You had one spell level left.
You didn't know any spells.
Your spell library was empty.

Dungeon Overview and Level Annotations

Branches:
Dungeon (1/15)

Altars:


Innate Abilities, Weirdness & Mutations

Your plain brown scales are hard. (AC +4)
You cannot fit into any form of body armour.
You are cold-blooded and may be slowed by cold attacks.


Message History

The quokka is almost dead.
You kill the quokka!
You have reached level 2!
No target in view!
You see here a quokka corpse.
There is a stone staircase leading down here.
h - a fuming silvery potion
Found a stone staircase leading down.
No target in view!
A kobold comes into view. It is wielding a +3 whip.
You see here 16 gold pieces.
A kobold is nearby!
A goblin and a hobgoblin come into view.
The hobgoblin shouts!
The hobgoblin moves out of view.
There are monsters nearby!
You barely miss the kobold. The hobgoblin closely misses you.
The kobold barely misses you.
You hit the kobold. You burn the kobold.
You punch the kobold, but do no damage.
The kobold is severely wounded.
The hobgoblin hits you. The kobold hits you with a +3 whip.
You closely miss the kobold.
Your tail-slap misses the kobold.
The kobold is severely wounded.
The hobgoblin hits you. The kobold hits you with a +3 whip.
You hit the kobold but do no damage.
The kobold is severely wounded.
The hobgoblin barely misses you. The kobold hits you with a +3 whip!
* * * LOW HITPOINT WARNING * * *
The goblin misses you.
You are too injured to fight recklessly!
You are too injured to fight recklessly!
The hobgoblin closely misses you. The goblin hits you but does no damage.
You see here 16 gold pieces.
The kobold attacks as you move away! The kobold misses you.
The hobgoblin attacks as you move away! The hobgoblin hits you.
* * * LOW HITPOINT WARNING * * *
The kobold attacks as you move away! The kobold hits you with a +3 whip.
You die... "Huh?
Did I miss anything?"

#.. #.# #.# #.. #.#
#.# #..##.# #.#
#...#.# #.# ....#.#
#.# # .....# #.# #..
#..#####.#
.....#.....K#.##.####
..........gg@........
.##.##.>#####.##.####
...... ..# # #.###.##
##.# # #.# #.# ...
..# ... ... #.# #..


You could see a hobgoblin, a goblin and a kobold.

Vanquished Creatures
  2 bats (D:1)
  A goblin (D:1)
  2 hobgoblins (D:1)
  A quokka (D:1)
  A ball python (D:1)
  A frilled lizard (D:1)
8 creatures vanquished.

Notes
Turn   | Place    | Note
-------+----------+-------------------------------------------
     0 | D:1      | Lekart the Draconian Chaos Knight began the quest for the
                  | Orb.
     0 | D:1      | Reached XP level 1. HP: 19/19 MP: 1/1
    24 | D:1      | XOM: divination: magic mapping
    34 | D:1      | XOM: silly message
    76 | D:1      | XOM: 1-stop teleportation journey
   293 | D:1      | Reached XP level 2. HP: 24/26 MP: 2/2
   347 | D:1      | Slain by a kobold

Illustrated notes

Levels and vault maps discovered:
D:1:      grunt_arrival_crossed_arrows, layout_basic, hangedman_decor_slide_cut

Action                   || total
-------------------------++-------
Melee: Falchion          ||    32
       Tailslap          ||     4
       Punch             ||     1
Armor: Skin              ||    12
Dodge: Dodged            ||    26

Table legend: (Time is in decaauts)
 A = Elapsed time spent in this place.
 B = Non-inter-level travel time spent in this place.
 C = Inter-level travel time spent in this place.
 D = Time resting spent in this place.
 E = Time spent auto-exploring this place.
 F = Levels seen in this place.
 G = Mean time per level.
                   A        B        C        D        E       F      G
               +--------+--------+--------+--------+--------+-----+--------+
         Total |    351 |    351 |      0 |      0 |    277 |   1 |  351.0 |
       Dungeon |    351 |    351 |      0 |      0 |    277 |   1 |  351.0 |
               +--------+--------+--------+--------+--------+-----+--------+

Top non-repeatable levels by time:
     D:1: 351 daAuts
